 Dungeon Crawl Stone Soup version 0.24-a0-699-g5a66b1aa3b (webtiles) character file.

Game seed: 5087706494902366321, levelgen mode: deterministic

1961 jjfam the Chopper (level 9, -1/69 HPs)
             Began as a Formicid Fighter on Sept 29, 2019.
             Was a Follower of Makhleb.
             Slain by a hornet (2 damage)
             ... on level 7 of the Dungeon on Oct 11, 2019.
             The game lasted 00:19:56 (7076 turns).

jjfam the Chopper (Formicid Fighter)                Turns: 7076, Time: 00:19:57

Health: -1/69      AC:  7    Str: 24      XL:     9   Next: 42%
Magic:  9/9        EV: 13    Int:  8      God:    Makhleb [*.....]
Gold:   314        SH: 10    Dex:  8 (10) Spells: 8/8 levels left

rFire    + . .     SeeInvis +   a - +0 war axe
rCold    x . .     Gourm    .   c - +0 shield
rNeg     . . .     Faith    .   b - +0 scale mail
rPois    .         Spirit   .   (helmet unavailable)
rElec    .         Reflect  .   (no cloak)
rCorr    .         Harm     .   (no gloves)
MR       .....                  (no boots)
Stlth    ..........             (no amulet)
HPRegen  0.21/turn              n - +3 ring of evasion
MPRegen  0.11/turn              s - ring of fire

@: lethally poisoned (-1 -> -21), barbed spikes
A: permanent stasis, dig shafts and tunnels, four strong arms, antennae 3
a: Dig, Shaft Self, Renounce Religion


You were on level 7 of the Dungeon.
You worshipped Makhleb.
Makhleb was aware of your devotion.
You were not hungry.

You visited 2 branches of the dungeon, and saw 8 of its levels.

You collected 314 gold pieces.

Inventory:

Hand Weapons
 a - a +0 war axe (weapon)
 q - a +0 dagger of distortion
Missiles
 i - 3 boomerangs (quivered)
Armour
 b - a +0 scale mail (worn)
 c - a +0 shield (worn)
Jewellery
 n - a +3 ring of evasion (left hand)
 p - an uncursed amulet of magic regeneration
 s - a ring of fire (right hand)
Wands
 u - a wand of polymorph (6)
Scrolls
 d - a scroll of fog {unknown}
 e - 2 scrolls of immolation {unknown}
 g - 3 scrolls of remove curse {unknown}
 j - 6 scrolls of teleportation {unknown}
 t - 3 scrolls of identify {unknown}
 v - a scroll of brand weapon {unknown}
 w - 3 scrolls of amnesia {unknown}
 y - a scroll of enchant weapon {unknown}
Potions
 h - a potion of heal wounds
 k - 4 potions of lignification {unknown}
 l - a potion of cancellation {unknown}
 m - 4 potions of curing {unknown}
 o - a potion of resistance {unknown}
 r - a potion of brilliance {unknown}
 x - a potion of berserk rage {unknown}
Comestibles
 f - 8 rations


   Skills:
 + Level 5.8 Fighting
 + Level 7.1 Axes
 + Level 2.2 Throwing
 + Level 6.3 Armour
 + Level 2.6 Dodging
 + Level 2.1 Stealth
 + Level 7.0 Shields


You had 8 spell levels left.
You didn't know any spells.
Your spell library contained the following spells:

 Spells                   Type           Power        Failure   Level  Hunger
 Summon Small Mammal      Summ           #...         83%         1    ##.....
 Call Imp                 Summ           #.......     92%         2    ###....
 Call Canine Familiar     Summ           #.......     99%         3    ####...
 Summon Guardian Golem    Hex/Summ       #.......     99%         3    ####...
 Summon Ice Beast         Ice/Summ       #.......     100%        4    #####..
 Summon Lightning Spire   Summ/Air       #.......     100%        4    #####..


Dungeon Overview and Level Annotations

Branches:
Dungeon (7/15)             Temple (1/1) D:4

Altars:
Ashenzari
Cheibriados
Dithmenos
Elyvilon
Fedhas
Gozag
Hepliaklqana
Kikubaaqudgha
Makhleb
Nemelex Xobeh
Okawaru
Qazlal
Ru
Sif Muna
Trog
Uskayaw
Vehumet
Wu Jian
Xom
Yredelemnul
Zin
The Shining One

Shops:
D:6 =

Annotations:
D:5 Eustachio


Innate Abilities, Weirdness & Mutations

You cannot be hasted, slowed, berserked, paralysed or teleported.
You can dig through walls and to a lower floor.
Your four strong arms can wield two-handed weapons with a shield.
You have a pair of large antennae on your head. (SInv)


Message History

Wield which item (- for none, * to show all)? (? for menu, Esc to quit)
That's the wrong kind of item! (Use * to select it.) Wield which item (- for none, * to show all)? (? for menu, Esc to quit)
That's the wrong kind of item! (Use * to select it.) Wield which item (- for none, * to show all)? (? for menu, Esc to quit)
Huh?
Wield which item (- for none, * to show all)? (? for menu, Esc to quit)
Huh?
Wield which item (- for none, * to show all)? (? for menu, Esc to quit)
Huh?
Wield which item (- for none, * to show all)? (? for menu, Esc to quit)
Huh?
Wield which item (- for none, * to show all)? (? for menu, Esc to quit)
Okay, then.
You hit the hornet but do no damage.
The hornet is lightly wounded.
You slash the manticore! You completely miss the ogre.
* * * LOW HITPOINT WARNING * * *
You feel sick. The hornet stings you.
You die...

.....### ...###.# (. .# .###...#
#. #. #....# .. .. #. { .###...#
###. .#... {{ ## ...###... #?(.
.... ###. .....###. #??? #Z.
###... .......### #$)O#H# ###.....
.........#####.y@#########...#...
.....#.....##..#...#..##.....#...
.....#......#...#.#...#......'...
..##.#......##.#...#.##.....รท####
..##+######..#..#.#..#..###......
.......#.....###...###....#......
.......#....#.#.#.#.#.....#......
.......#....#.##...##.....#......
.......#....#..##.##......#......


You could see a manticore, a hornet, an ogre and a quokka skeleton.

Vanquished Creatures
  A hippogriff (D:7)
  Menkaure (D:5)
  A sky beast (D:5)
  An orc warrior (D:6)
  2 ogres
  2 centaurs
  Blork the orc (D:6)
  A bullfrog (D:7)
  5 scorpions
  A crimson imp (D:6)
  A quasit (D:7)
  4 hounds
  5 orc wizards
  A centaur skeleton (D:7)
  An iguana (D:7)
  7 worker ants
  A worker ant zombie (D:7)
  5 adders
  3 gnolls (D:3)
  2 shadow imps
  2 oozes
  An adder skeleton (D:4)
  An adder zombie (D:6)
  2 worms
  A dart slug (D:1)
  7 leopard geckos
  19 orcs
  A ball python (D:2)
  3 goblins
  9 hobgoblins
  6 jackals
  3 quokkas
  4 bats
  3 frilled lizards
  A jackal skeleton (D:6)
  A jackal zombie (D:6)
  9 kobolds
  9 rats
128 creatures vanquished.

Notes
Turn   | Place    | Note
-------+----------+-------------------------------------------
     0 | D:1      | jjfam the Formicid Fighter began the quest for the Orb.
     0 | D:1      | Reached XP level 1. HP: 18/18 MP: 1/1
   166 | D:1      | .
   268 | D:1      | Reached XP level 2. HP: 19/24 MP: 2/2
   504 | D:1      | Reached XP level 3. HP: 29/29 MP: 3/3
  1061 | D:2      | Reached XP level 4. HP: 21/37 MP: 4/4
  1609 | D:3      | Reached XP level 5. HP: 42/42 MP: 5/5
  1699 | D:3      | Found a radiant altar of Vehumet.
  3011 | D:4      | Reached skill level 1 in Dodging
  3013 | D:4      | Noticed an ogre
  3033 | D:3      | Killed an ogre
  3033 | D:3      | Reached XP level 6. HP: 20/48 MP: 6/6
  3287 | D:4      | Found a staircase to the Ecumenical Temple.
  3294 | Temple   | Entered the Ecumenical Temple
  3678 | Temple   | Became a worshipper of Makhleb the Destroyer
  3867 | D:4      | Reached skill level 5 in Shields
  3875 | D:4      | Reached XP level 7. HP: 44/54 MP: 7/7
  4144 | D:4      | Reached skill level 1 in Stealth
  4276 | D:5      | Entered Level 5 of the Dungeon
  4284 | D:5      | Reached skill level 5 in Armour
  4305 | D:5      | HP: 2/55 [sky beast (6)]
  4312 | D:5      | Reached skill level 5 in Axes
  4681 | D:5      | Reached XP level 8. HP: 46/61 MP: 8/8
  4697 | D:5      | Noticed Menkaure
  4704 | D:5      | Killed Menkaure
  4974 | D:5      | Found a white marble altar of Elyvilon.
  4974 | D:5      | Noticed Eustachio
  5012 | D:6      | Reached skill level 1 in Throwing
  5060 | D:6      | Noticed Blork the orc
  5070 | D:6      | Killed Blork the orc
  5086 | D:6      | Found Miuvatyi's Jewellery Boutique.
  5528 | D:6      | Reached * piety under Makhleb
  5913 | D:6      | Reached skill level 5 in Fighting
  6339 | D:7      | Noticed a hippogriff
  6414 | D:7      | Killed a hippogriff
  6414 | D:7      | Reached XP level 9. HP: 39/68 MP: 9/9
  7057 | D:7      | Noticed a manticore
  7058 | D:7      | Noticed a hornet
  7075 | D:7      | HP: 3/69 [manticore (10)]
  7076 | D:7      | HP: 1/69 [poisoned by a hornet]
  7076 | D:7      | Slain by a hornet

Levels and vault maps discovered:
D:1:      dpeg_arrival_ternary, layout_rooms
D:2:      layout_basic, first_ration
D:3:      layout_loops_cross, vehumet_crystals, corexii_hall_statues_i
D:4:      layout_cave_pools, minmay_temple_entry_grid
D:5:      layout_basic, basic_altar, minmay_hedge_maze, minmay_manual_mess,
          uniq_menkaure, uniq_edmund, uniq_eustachio
D:6:      layout_basic, serial_shops, shop, uniq_blork_the_orc
D:7:      minmay_the_grid_four_pointed_star
          [minmay_the_grid_triangle_9x9_dagger,
          minmay_the_grid_triangle_9x9_tough_junction,
          minmay_the_grid_triangle_9x9_zippers_vertical,
          minmay_the_grid_triangle_9x9_corrupted_corridor,
          minmay_the_grid_prize_big_room], layout_gridville,
          hangedman_decor_peaks_small
Temple:   regret_index_temple_sigil_plot

Skill      XL: |  1  2  3  4  5  6  7  8  9 |
---------------+----------------------------+-----
Shields        | 4 5 6 7 |  7.0
Axes           | 3 4 5 6 7 |  7.1
Armour         | 4 5 6 |  6.3
Dodging        | 1 2 |  2.6
Fighting       | 4 5 |  5.8
Stealth        | 1 2 |  2.1
Throwing       | 2 |  2.2

Action                   |  1- 3 |  4- 6 |  7- 9 || total
-------------------------+-------+-------+-------++-------
Melee: War axe           |   103 |   141 |   271 ||   515
Throw: Boomerang         |       |       |    48 ||    48
  Use: Potion            |       |       |     4 ||     4
  Eat: Chunk             |     1 |     9 |     7 ||    17
       Ration            |       |       |     1 ||     1
Armor: Scale mail        |    37 |    39 |    85 ||   161
Dodge: Dodged            |    33 |    49 |   156 ||   238
Block: Shield            |    71 |    74 |   167 ||   312

Table legend:
 A = Non-vault XP
 B = Vault XP
 C = Vault XP percentage of total XP
 D = Non-vault monster count
 E = Vault monster count
 F = Vault count percentage of total count
                 A         B        C        D         E       F
            +---------+---------+-------+---------+---------+-------
      Total |    2042 |     760 |  27.1 |     119 |       9 |   7.0
            +---------+---------+-------+---------+---------+-------
        D:1 |      38 |       0 |   0.0 |      20 |       0 |   0.0
        D:2 |      96 |       0 |   0.0 |      22 |       0 |   0.0
        D:3 |     215 |       0 |   0.0 |      17 |       0 |   0.0
        D:4 |     278 |       0 |   0.0 |      12 |       0 |   0.0
        D:5 |     414 |     172 |  29.4 |       8 |       1 |  11.1
        D:6 |     534 |      96 |  15.2 |      26 |       1 |   3.7
        D:7 |     425 |     492 |  53.7 |      13 |       7 |  35.0
     Temple |      42 |       0 |   0.0 |       1 |       0 |   0.0
            +---------+---------+-------+---------+---------+-------
